 Dungeon Crawl Stone Soup version 0.21.0-36-ge3e1d5aaab (webtiles) character file.

30 GuyWithAPlan the Grasshopper (level 3, -2/32 HPs)
             Began as a Naga Warper on Jan 30, 2018.
             Was a Follower of Kikubaaqudgha.
             Slain by an ooze (4 damage)
             ... on level 2 of the Dungeon.
             The game lasted 00:03:27 (1525 turns).

GuyWithAPlan the Grasshopper (Naga Warper)          Turns: 1525, Time: 00:03:28

Health: -2/32      AC:  2    Str: 13    XL:     3   Next: 18%
Magic:  6/6        EV:  9    Int: 14    God:    Kikubaaqudgha [*.....]
Gold:   73         SH:  0    Dex: 10    Spells: 1/6 levels left

rFire    . . .     SeeInvis +   a - +0 falchion
rCold    . . .     Gourm    .   (no shield)
rNeg     . . .     Faith    .   b - +0 leather armour
rPois    +         Spirit   .   (no helmet)
rElec    .         Reflect  .   (no cloak)
rCorr    .         Harm     .   (no gloves)
MR       .....                  (no barding)
Stlth    +.........             (no amulet)
HPRegen  0.10/turn              (no ring)
MPRegen  0.10/turn              (no ring)

@: short of breath, very slow
A: large, see invisible, deformed body, poison resistance, slowness 2, slow
metabolism 1, spit poison 1, AC +1
a: Spit Poison, Receive Corpses, Renounce Religion


You were on level 2 of the Dungeon.
You worshipped Kikubaaqudgha.
Kikubaaqudgha was aware of your devotion.
You were not hungry.

You visited 1 branch of the dungeon, and saw 2 of its levels.

You collected 73 gold pieces.

Inventory:

Hand Weapons
 a - a +0 falchion (weapon)
Missiles
 e - 5 tomahawks of dispersal
 i - 2 javelins (quivered)
Armour
 b - a +0 leather armour (worn)
Scrolls
 d - a scroll of blinking
 g - a scroll of enchant armour {unknown}
 j - 2 scrolls of remove curse {unknown}
 k - a scroll of fear {unknown}
 l - a scroll of identify {unknown}
 m - a scroll of amnesia {unknown}
 n - a scroll of magic mapping {unknown}
 o - a scroll of enchant weapon {unknown}
Books
 c - a book of Spatial Translocations

   Spells                             Type                      Level
   a - Blink                          Translocation                2
   b - Shroud of Golubria             Charms/Translocation         2
   c - Lesser Beckoning               Translocation                3
   d - Gell's Gravitas                Translocation                3
   e - Teleport Other                 Translocation                3
   f - Passage of Golubria            Translocation                4
 p - Kikubaaqudgha's Reference Book on Sinister Magic
   (Kikubaaqudgha gifted it to you on level 2 of the Dungeon)

   Spells                             Type                      Level
   a - Animate Skeleton               Necromancy                   1
   b - Pain                           Necromancy                   1
   c - Sublimation of Blood           Necromancy                   2
   d - Regeneration                   Charms/Necromancy            3
Comestibles
 f - 4 rations


   Skills:
 - Level 2.2 Fighting
 - Level 2.0 Long Blades
 - Level 1.0 Throwing
 + Level 1.3 Armour
 + Level 1.8 Dodging
 * Level 1.1 Stealth
 - Level 2.3 Spellcasting
 * Level 3.0 Translocations


You had one spell level left.
You knew the following spells:

 Your Spells              Type           Power        Failure   Level  Hunger
a - Shroud of Golubria    Chrm/Tloc      #.........   24%         2    ###....
b - Regeneration          Chrm/Necr      #.........   65%         3    ###....


Dungeon Overview and Level Annotations

Branches:
Dungeon (2/15)

Altars:
Kikubaaqudgha


Innate Abilities, Weirdness & Mutations

You cannot wear boots.
Your serpentine skin is tough. (AC +1)
You have supernaturally acute eyesight. (SInv)
Armour fits poorly on your strangely shaped body.
Your system is resistant to poisons. (rPois)
You cover ground very slowly.
You have a slow metabolism.
You can spit poison.


Message History

* * * LOW HITPOINT WARNING * * *
You slash the adder!
The adder is severely wounded.
You have got your breath back.
The adder bites you but does no damage. The ooze hits you.
* * * LOW HITPOINT WARNING * * *
It was a potion of cancellation.
You feel magically purged. The adder barely misses you.
The ooze completely misses you.
You closely miss the adder.
The adder is severely wounded.
The adder completely misses you. The ooze barely misses you.
The adder barely misses you.
Press: ? - help, Shift-Dir - straight line, f/p - adder
Aim: an adder (severely wounded)
The splash of poison misses the adder.
You feel slightly more hungry. The adder bites you.
* * * LOW HITPOINT WARNING * * *
The ooze hits you.
You die...
Kikubaaqudgha rasps: "You have failed me!
Welcome... death!"

#.# # ....... #
.......#####
..?.........#
.......).....#
.............# #
.............#.##
........S........
........J@...#
.....(......#
#####..#.....#
........######
#####.#.######.
######..........
#.....)..######.
#######........##
......%.........#


You could see an ooze and an adder.

Vanquished Creatures
  A leopard gecko (D:1)
  A giant cockroach (D:1)
  3 goblins
  3 hobgoblins
  A quokka (D:2)
  A ball python (D:2)
  3 bats
  13 frilled lizards (D:1)
  A jackal skeleton (D:2)
  4 kobolds
31 creatures vanquished.

Notes
Turn   | Place    | Note
-------+----------+-------------------------------------------
     0 | D:1      | GuyWithAPlan the Naga Warper began the quest for the Orb.
     0 | D:1      | Reached XP level 1. HP: 19/19 MP: 3/3
   461 | D:1      | Reached skill level 1 in Armour
   467 | D:1      | Reached XP level 2. HP: 24/26 MP: 5/5
   764 | D:1      | Reached skill level 1 in Throwing
   789 | D:1      | HP: 1/26 [frilled lizard (3)]
  1138 | D:1      | Reached XP level 3. HP: 32/32 MP: 6/6
  1441 | D:2      | Reached skill level 1 in Stealth
  1458 | D:2      | Found a faded altar of an unknown god.
  1471 | D:2      | Became a worshipper of Kikubaaqudgha
  1471 | D:2      | Reached * piety under Kikubaaqudgha
  1471 | D:2      | Identified Kikubaaqudgha's Reference Book on Sinister Magic (Kikubaaqudgha gifted it to you on level 2 of the Dungeon)
  1471 | D:2      | Received a gift from Kikubaaqudgha
  1476 | D:2      | Learned a level 2 spell: Shroud of Golubria
  1480 | D:2      | Learned a level 3 spell: Regeneration
  1525 | D:2      | Slain by an ooze

Skill      XL: |  1  2  3 |
---------------+----------+-----
Armour         | 1 |  1.3
Throwing       | 1 |  1.0
Stealth        | 1 |  1.1
Fighting       | |  2.2
Long Blades    | |  2.0
Dodging        | |  1.8
Spellcasting   | |  2.3
Translocations | |  3.0

Action                   || total
-------------------------++-------
Melee: Falchion          ||    71
 Abil: Spit Poison       ||    12
  Use: Potion            ||     2
  Eat: Chunk             ||     2
Armor: Leather armour    ||    22
Dodge: Dodged            ||    59
       Rpst.: Falchion   ||    14
